AoeStats
← gameboy506

Arena

508811896Analyzed
3v3 RM · 7d ago on Sep 24, 2026· 41m 5s· 6 players
Game mode
Random Map
Map size
Normal (6 player)
Population
200
Speed
Normal
Resources
Standard
Victory
Conquest
Starting age
Dark Age
Ending age
Imperial Age
RankedLock teamsTeams togetherTeam positionsShared explorationLock speedFull tech treeHidden civsTurbo modeCheats
Victory
Defeat
🇹🇼 Burgundians · Taiwan
1036
+14
🇹🇼 Mongols · Taiwan
1014
+15
🇹🇼 Huns · Taiwan
986
+16
🇺🇸 Vietnamese · United States
1030
-16
🇦🇷 Turks · Argentina
992
-15
🇨🇳 Britons · China
965
-14
Fatty
11:57 Feudal Age
12:45 Horse Collar
14:18 Loom
15:49 Double-Bit Axe
18:47 Castle Age
17:47 Stone Mining
19:06 Forging
19:02 Scale Mail Armor
19:44 Heavy Plow
21:42 Wheelbarrow
23:26 Pikeman
24:40 Town Watch
26:27 Squires
28:01 Hand Cart
27:45 Fletching
28:39 Elite Skirmisher
29:28 Gold Mining
30:23 Fortified Wall
30:42 Padded Archer Armor
31:05 Ballistics
32:10 Thumb Ring
32:28 Leather Archer Armor
32:08 Bodkin Arrow
36:33 Imperial Age
34:43 Chain Mail Armor
36:06 Stone Shaft Mining
36:20 Iron Casting
35:43 Arson
38:10 Crop Rotation
37:49 Bracer
38:17 Bow Saw
38:05 Imperial Skirmisher
38:22 Halberdier
40:49 Plate Mail Armor
40:52 Ring Archer Armor
hernansl
9:23 Feudal Age
16:50 Castle Age
15:12 Gold Mining
15:17 Horse Collar
15:48 Double-Bit Axe
23:52 Imperial Age
23:15 Forging
23:09 Padded Archer Armor
31:13 Wheelbarrow
30:42 Heavy Plow
30:52 Bow Saw
30:45 Fletching
31:05 Scale Barding Armor
36:05 Bloodlines
36:30 Husbandry
39:48 Hand Cart
6691205
12:14 Feudal Age
13:35 Double-Bit Axe
16:22 Castle Age
17:31 Wheelbarrow
17:28 Bow Saw
18:09 Stone Mining
19:31 Gold Mining
23:33 Loom
23:42 Horse Collar
26:36 Squires
29:25 Imperial Age
27:01 Town Watch
27:10 Fletching
28:22 Gold Shaft Mining
27:54 Bodkin Arrow
27:50 Crossbowman
29:20 Hand Cart
29:06 Town Patrol
29:26 Padded Archer Armor
30:05 Ballistics
29:26 Treadmill Crane
29:58 Fortified Wall
30:02 Masonry
30:56 Leather Archer Armor
32:13 Two-Man Saw
32:01 Conscription
32:35 Bracer
34:29 Ring Archer Armor
33:26 Elite Skirmisher
33:45 Onager
35:07 Yeomen
35:41 Imperial Skirmisher
36:28 Scale Mail Armor
37:34 Chemistry
37:05 Architecture
37:10 Murder Holes
37:34 Elite Longbowman
39:22 Heavy Mounted Crossbowman
39:24 Cranequins
39:30 Pikeman
39:56 Gambesons
40:28 Chain Mail Armor
40:24 Forging
40:34 Siege Engineers
40:17 Arson
右臂刺著貓頭鷹
9:40 Feudal Age
10:10 Double-Bit Axe
10:16 Gold Mining
10:10 Horse Collar
18:22 Castle Age
17:51 Fletching
18:08 Scale Barding Armor
18:22 Bloodlines
18:16 Gold Mining
19:08 Bodkin Arrow
22:50 Husbandry
23:24 Ballistics
27:16 Thumb Ring
26:51 Light Cavalry
29:54 Padded Archer Armor
30:18 Chain Barding Armor
38:07 Imperial Age
36:46 Gold Shaft Mining
36:02 Stone Mining
36:26 Bow Saw
36:19 Heavy Plow
37:02 Padded Archer Armor
40:22 Chemistry
gameboy506
10:55 Feudal Age
13:16 Loom
16:49 Castle Age
16:49 Horse Collar
18:01 Double-Bit Axe
19:21 Bow Saw
20:05 Husbandry
21:59 Gold Mining
22:00 Stone Mining
24:26 Wheelbarrow
28:49 Hand Cart
28:47 Fletching
30:03 Bloodlines
29:54 Husbandry
29:18 Light Cavalry
32:46 Imperial Age
30:26 Bodkin Arrow
30:45 Forging
30:41 Scale Barding Armor
32:38 Gold Shaft Mining
32:30 Ballistics
32:22 Masonry
33:21 Heavy Plow
32:54 Capped Ram
34:45 Drill
33:49 Siege Ram
36:00 Conscription
35:48 Elite Mangudai
36:55 Bracer
37:15 Chain Barding Armor
37:31 Iron Casting
37:05 Caravan
38:36 Hussar
Pineapple_Hsiao
6:35 Double-Bit Axe
11:29 Feudal Age
9:51 Horse Collar
12:26 Bow Saw
13:55 Heavy Plow
20:15 Castle Age
18:41 Gold Mining
18:43 Stone Mining
20:54 Gold Shaft Mining
22:34 Two-Man Saw
22:58 Wheelbarrow
22:54 Cavalier
25:02 Husbandry
25:46 Scale Barding Armor
26:11 Forging
27:31 Hand Cart
29:26 Chain Barding Armor
30:10 Iron Casting
31:11 Crop Rotation
31:41 Burgundian Vineyards
32:28 Caravan
35:42 Imperial Age
34:56 Stone Shaft Mining
36:47 Conscription
36:04 Paladin
38:55 Chemistry
37:37 Treadmill Crane
Connection lost

Rejoining the realm…

Still unreachable

The connection could not be restored.

Session expired

The server has moved on; the page needs a fresh start.